 Dungeon Crawl Stone Soup version 0.24-a0-272-g14115134c2 (webtiles) character file.

Game seed: 13926900405948988442

174 Esekla the Skirmisher (level 5, -5/47 HPs)
             Began as a Gnoll Abyssal Knight on Apr 24, 2019.
             Was a Believer of Lugonu.
             Slain by Crazy Yiuf
             ... wielding a +3 quarterstaff of chaos
              (17 damage)
             ... on level 3 of the Dungeon.
             The game lasted 00:13:47 (1844 turns).

Esekla the Skirmisher (Gnoll Abyssal Knight)        Turns: 1844, Time: 00:13:47

Health: -5/47      AC:  4    Str: 14    XL:     5   Next: 54%
Magic:  8/8        EV: 12    Int: 14    God:    Lugonu [**....]
Gold:   154        SH:  4    Dex: 16    Spells: 7/7 levels left

rFire    . . .     SeeInvis +   a - +1 falchion
rCold    . . .     Gourm    .   k - +0 buckler
rNeg     . . .     Faith    .   b - +0 leather armour
rPois    .         Spirit   .   (no helmet)
rElec    .         Reflect  .   (no cloak)
rCorr    .         Harm     .   e - +0 pair of gloves
MR       +....                  (no boots)
Stlth    ++........             (no amulet)
HPRegen  0.15/turn              g - ring of protection from magic
MPRegen  0.11/turn              h - ring of see invisible

@: no status effects
A: distributed training, fangs 1, strong nose
a: Depart the Abyss, Bend Space, Renounce Religion


You were on level 3 of the Dungeon.
You worshipped Lugonu.
Lugonu was pleased with you.
You were not hungry.

You visited 1 branch of the dungeon, and saw 3 of its levels.
You visited the Abyss 1 time.

You collected 154 gold pieces.

Inventory:

Hand Weapons
 a - a +1 falchion (weapon)
 j - a +2 mace of crushing
 n - a +1 dagger of venom
Armour
 b - a +0 leather armour (worn)
 e - a +0 pair of gloves (worn)
 k - a +0 buckler (worn)
Jewellery
 g - a ring of protection from magic (left hand)
 h - a ring of see invisible (right hand)
Wands
 q - a wand of paralysis (7)
Scrolls
 i - 4 scrolls of identify {unknown}
 m - a scroll of random uselessness {unknown}
 p - a scroll of remove curse {unknown}
 t - a scroll of immolation {unknown}
Potions
 d - a potion of ambrosia {unknown}
 f - a potion of degeneration {unknown}
 l - a potion of mutation {unknown}
 o - a potion of berserk rage {unknown}
 r - a potion of lignification {unknown}
 s - a potion of flight {unknown}
Comestibles
 c - 3 rations


   Skills:
 + Level 6.7 Fighting
 + Level 1.5 Short Blades
 + Level 4.8 Long Blades
 + Level 1.5 Axes
 + Level 1.5 Maces & Flails
 + Level 1.5 Polearms
 + Level 1.5 Staves
 + Level 1.5 Slings
 + Level 1.5 Bows
 + Level 1.5 Crossbows
 + Level 1.5 Throwing
 + Level 4.8 Armour
 + Level 3.0 Dodging
 + Level 1.5 Stealth
 + Level 1.5 Shields
 + Level 1.5 Unarmed Combat
 + Level 1.5 Spellcasting
 + Level 1.2 Conjurations
 + Level 1.2 Hexes
 + Level 1.2 Charms
 + Level 1.2 Summonings
 + Level 1.2 Necromancy
 + Level 1.2 Translocations
 + Level 1.2 Transmutations
 + Level 1.2 Fire Magic
 + Level 1.2 Ice Magic
 + Level 1.2 Air Magic
 + Level 1.2 Earth Magic
 + Level 1.2 Poison Magic
 + Level 4.9 Invocations
 + Level 1.5 Evocations


You had 7 spell levels left.
You didn't know any spells.
Your spell library was empty.

Dungeon Overview and Level Annotations

Branches:
Dungeon (3/15)

Altars:
Qazlal

Annotations:
D:3 Crazy Yiuf


Innate Abilities, Weirdness & Mutations

Your experience applies equally to all skills.
You have very sharp teeth.
Your uncanny sense of smell can sniff out nearby items.


Message History

Crazy Yiuf closely misses you.
You closely miss Crazy Yiuf.
Crazy Yiuf is lightly wounded.
Crazy Yiuf closely misses you.
You hit Crazy Yiuf.
Crazy Yiuf is moderately wounded.
Crazy Yiuf misses you.
You hit Crazy Yiuf.
Crazy Yiuf is heavily wounded.
Crazy Yiuf barely misses you.
You hit Crazy Yiuf but do no damage.
Crazy Yiuf is moderately wounded.
Crazy Yiuf hits you with a +3 quarterstaff of chaos!
Space warps horribly around you!!
You hit Crazy Yiuf.
Crazy Yiuf is heavily wounded.
Crazy Yiuf hits you with a +3 quarterstaff of chaos.
* * * LOW HITPOINT WARNING * * *
You are electrocuted!
You die...

#.# #.# ###.##
#.# #.# #.# #.#
#.# #.# #.# ###
### #.#
##.##♣♣♣♣♣
#...#P.♣.♣♣♣ ###
#.....P.♣..♣#...#
#.....P♣♣♣♣@g...#
##..#.♣♣ ♣♣#..)#
####♣♣ ###


You could see Crazy Yiuf.

Vanquished Creatures
  Jessica (D:2)
  Ijyb (D:3)
  7 adders
  A dart slug (D:1)
  A leopard gecko (D:1)
  2 orcs (D:3)
  11 bats
  2 giant cockroaches
  6 goblins
  7 hobgoblins
  4 jackals (D:3)
  7 kobolds
  A ball python (D:3)
  5 frilled lizards
  2 rats (D:2)
  A fungus (D:3)
59 creatures vanquished.

Notes
Turn   | Place    | Note
-------+----------+-------------------------------------------
     0 | Abyss:1  | Esekla the Gnoll Abyssal Knight began the quest for the
                  | Orb.
     0 | Abyss:1  | Reached XP level 1. HP: 23/23 MP: 3/3
    13 | Abyss:1  | Noticed a brown very ugly thing
    39 | Abyss:1  | Noticed a hell hound
    42 | Abyss:1  | Found a transporter.
    44 | Abyss:1  | Found a transporter.
    44 | Abyss:1  | Noticed a redback
    44 | Abyss:1  | Noticed a large abomination
    45 | Abyss:1  | Noticed a tentacled starspawn
    45 | Abyss:1  | Noticed an eight-headed hydra skeleton
    46 | D:1      | Escaped the Abyss
   108 | D:1      | Reached XP level 2. HP: 4/29 MP: 5/5
   495 | D:2      | Noticed Jessica
   498 | D:1      | Reached * piety under Lugonu
   512 | D:1      | Reached XP level 3. HP: 18/35 MP: 6/6
   689 | D:2      | Killed Jessica
   689 | D:2      | Reached skill level 1 in Short Blades
   689 | D:2      | Reached skill level 1 in Axes
   689 | D:2      | Reached skill level 1 in Maces & Flails
   689 | D:2      | Reached skill level 1 in Polearms
   689 | D:2      | Reached skill level 1 in Staves
   689 | D:2      | Reached skill level 1 in Slings
   689 | D:2      | Reached skill level 1 in Bows
   689 | D:2      | Reached skill level 1 in Crossbows
   689 | D:2      | Reached skill level 1 in Throwing
   689 | D:2      | Reached skill level 1 in Stealth
   689 | D:2      | Reached skill level 1 in Shields
   689 | D:2      | Reached skill level 1 in Unarmed Combat
   689 | D:2      | Reached skill level 1 in Spellcasting
   689 | D:2      | Reached skill level 1 in Evocations
   689 | D:2      | Reached XP level 4. HP: 39/41 MP: 7/7
  1121 | D:2      | Reached skill level 1 in Conjurations
  1121 | D:2      | Reached skill level 1 in Hexes
  1121 | D:2      | Reached skill level 1 in Charms
  1121 | D:2      | Reached skill level 1 in Summonings
  1121 | D:2      | Reached skill level 1 in Necromancy
  1121 | D:2      | Reached skill level 1 in Translocations
  1121 | D:2      | Reached skill level 1 in Transmutations
  1121 | D:2      | Reached skill level 1 in Fire Magic
  1121 | D:2      | Reached skill level 1 in Ice Magic
  1121 | D:2      | Reached skill level 1 in Air Magic
  1121 | D:2      | Reached skill level 1 in Earth Magic
  1121 | D:2      | Reached skill level 1 in Poison Magic
  1281 | D:2      | Found a stormy altar of Qazlal.
  1288 | D:2      | Reached ** piety under Lugonu
  1356 | D:2      | Reached XP level 5. HP: 45/47 MP: 8/8
  1495 | D:3      | Noticed Ijyb
  1511 | D:3      | Killed Ijyb
  1834 | D:3      | Found a runed translucent door.
  1835 | D:3      | Noticed Crazy Yiuf
  1844 | D:3      | Slain by Crazy Yiuf

Levels and vault maps discovered:
D:1:      wander_arrival_lonely_grave, layout_basic, lemuel_old_faithful
D:2:      layout_rooms, overflow_temple_1_default, minmay_hexomino_c4,
          uniq_jessica
D:3:      layout_loops_ring, first_ration, columned_hall_lemuel,
          kennysheep_generic_room_5, uniq_ijyb, uniq_natasha,
          uniq_crazy_yiuf_cottage
Abyss:1:  hangedman_classic_abyss_death

Skill      XL: |  1  2  3  4  5 |
---------------+----------------+-----
Short Blades   | 1 |  1.5
Axes           | 1 |  1.5
Maces & Flails | 1 |  1.5
Polearms       | 1 |  1.5
Staves         | 1 |  1.5
Slings         | 1 |  1.5
Bows           | 1 |  1.5
Crossbows      | 1 |  1.5
Throwing       | 1 |  1.5
Stealth        | 1 |  1.5
Shields        | 1 |  1.5
Unarmed Combat | 1 |  1.5
Spellcasting   | 1 |  1.5
Evocations     | 1 |  1.5
Conjurations   | 1 |  1.2
Hexes          | 1 |  1.2
Charms         | 1 |  1.2
Summonings     | 1 |  1.2
Necromancy     | 1 |  1.2
Translocations | 1 |  1.2
Transmutations | 1 |  1.2
Fire Magic     | 1 |  1.2
Ice Magic      | 1 |  1.2
Air Magic      | 1 |  1.2
Earth Magic    | 1 |  1.2
Poison Magic   | 1 |  1.2
Dodging        | 3 |  3.0
Fighting       | |  6.7
Long Blades    | |  4.8
Armour         | |  4.8
Invocations    | |  4.9

Action                   |  1- 3 |  4- 6 || total
-------------------------+-------+-------++-------
Melee: Falchion          |    37 |   142 ||   179
       Bite              |     4 |    16 ||    20
Invok: Depart the Abyss  |     1 |       ||     1
 Stab: Sleeping          |       |     1 ||     1
  Eat: Ration            |       |     1 ||     1
Armor: Leather armour    |    16 |    39 ||    55
Dodge: Dodged            |    34 |    93 ||   127
Block: Buckler           |       |    35 ||    35
       Rpst.: Falchion   |    11 |    28 ||    39

Table legend:
 A = Non-vault XP
 B = Vault XP
 C = Vault XP percentage of total XP
 D = Non-vault monster count
 E = Vault monster count
 F = Vault count percentage of total count
                 A         B        C        D         E       F
            +---------+---------+-------+---------+---------+-------
      Total |     154 |      95 |  38.2 |      49 |       9 |  15.5
            +---------+---------+-------+---------+---------+-------
        D:1 |      48 |       0 |   0.0 |      20 |       0 |   0.0
        D:2 |      73 |      60 |  45.1 |      18 |       8 |  30.8
        D:3 |      33 |      35 |  51.5 |      11 |       1 |   8.3
            +---------+---------+-------+---------+---------+-------
